 Dungeon Crawl Stone Soup version 0.27.1-1-g398f81649c (webtiles) character file.

Game seed: 11984875057053994560

9 Elvor the Charlatan (level 2, -1/16 HPs)
             Began as a Gargoyle Artificer on Sept 8, 2021.
             Frozen to death by an endoplasm (3 damage)
             ... on level 1 of the Dungeon.
             The game lasted 00:03:22 (277 turns).

Elvor the Charlatan (Gargoyle Artificer)             Turns: 277, Time: 00:03:23

Health: -1/16      AC:  9    Str: 15    XL:     2   Next: 12%
Magic:  2/2        EV:  9    Int: 11    God:
Gold:   17         SH:  0    Dex: 10    Spells: 1/1 levels left

rFire    . . .     SeeInvis .   a - +0 club
rCold    . . .     Faith    .   (no shield)
rNeg     + . .     Spirit   .   f - +0 scale mail
rPois    ∞         Reflect  .   (no helmet)
rElec    +         Harm     .   (no cloak)
rCorr    .         Rampage  .   (no gloves)
Will     .....                  (no boots)
Stlth    ..........             (no amulet)
HPRegen  0.05/turn              (no ring)
MPRegen  0.08/turn              (no ring)

@: no status effects
A: sickness immunity, AC +2, negative energy resistance 1, electricity
resistance, torment resistance 1, petrification resistance
a: no special abilities


You were on level 1 of the Dungeon.
You visited 1 branch of the dungeon, and saw 1 of its levels.

You collected 17 gold pieces.

Inventory:

Hand Weapons
 a - a +0 club (weapon)
Missiles
 g - 4 stones
 h - 16 sling bullets
Armour
 b - a +0 leather armour
 f - a +0 scale mail (worn)
Wands
 c - a wand of flame (7) (quivered)
 d - a wand of charming (15)
Scrolls
 i - a scroll of blinking {unknown}
 j - a scroll of noise {unknown}
Potions
 k - a potion of attraction {unknown}
 l - a potion of curing {unknown}
Miscellaneous
 e - a piece from Xom's chessboard (15/15)


   Skills:
 + Level 1.1 Fighting
 + Level 2.4 Armour
 + Level 0.7 Dodging
 + Level 1.1 Stealth
 + Level 3.1 Evocations


You had one spell level left.
You didn't know any spells.
Your spell library was empty.

Dungeon Overview and Level Annotations

Branches:
Dungeon (1/15)

Altars:


Innate Abilities, Weirdness & Mutations

You are immune to sickness and miasma.
Your stone body is resilient. (AC +2)
You are immune to poison.
You resist negative energy. (rN+)
You are resistant to electric shocks. (rElec)
You are resistant to unholy torment.
You are immune to petrification.


Message History

Press: ? - help, Q - select action, (/) - cycle Shift-Dir - straight line, f/p - giant cockroach
Aim: a giant cockroach (moderately wounded, 71% to hit)
The puff of flame hits the giant cockroach.
You kill the giant cockroach!
You have reached level 2!
k - an amethyst potion
Found a stone staircase leading down.
Things that are here:
a +0 short sword; a kobold corpse
Found a dagger.
l - a coppery potion A ball python comes into view.
The ball python hisses angrily.
Aiming: Throw Flame
Press: ? - help, Q - select action, (/) - cycle Shift-Dir - straight line, f - ball python
Aim: a ball python (68% to hit)
The puff of flame hits the ball python!
You kill the ball python!
You see here a ball python corpse.
You see here a ball python corpse.
An endoplasm comes into view.
The endoplasm quivers.
The endoplasm moves out of view.
You hit the endoplasm.
The endoplasm is lightly wounded.
The endoplasm barely misses you.
You hit the endoplasm but do no damage.
The endoplasm is lightly wounded.
The endoplasm hits you but does no damage.
The endoplasm freezes you.
You are frozen.
* * * LOW HITPOINT WARNING * * *
You hit the endoplasm.
The endoplasm is heavily wounded.
The endoplasm hits you but does no damage.
You hit the endoplasm but do no damage.
The endoplasm is heavily wounded.
The endoplasm freezes you.
You are frozen.
You die...

############## #####
.............# #...#
.............# #...#
..†.........)# #...#
.............###...#
................@..#
.............###J.......
#######........#.....###
###...............#
#....⌠...##.####....
#...≈≈≈.....# ..###
#...≈≈≈...... ...
#...≈≈≈....... .##
#.).≈≈≈..>...


You could see an endoplasm.

Vanquished Creatures
  A ball python (D:1)
  An endoplasm (D:1)
  2 giant cockroaches (D:1)
  A hobgoblin (D:1)
  3 kobolds (D:1)
8 creatures vanquished.

Vanquished Creatures (others)
  3 fungi (D:1)
  A plant (D:1)
4 creatures vanquished.

Grand Total: 12 creatures vanquished

Notes
Turn   | Place    | Note
-------+----------+-------------------------------------------
     0 | D:1      | Elvor the Gargoyle Artificer began the quest for the Orb.
     0 | D:1      | Reached XP level 1. HP: 12/12 MP: 1/1
   164 | D:1      | Reached skill level 3 in Evocations
   239 | D:1      | Reached XP level 2. HP: 3/16 MP: 2/2
   277 | D:1      | Frozen to death by an endoplasm

Illustrated notes

Levels and vault maps discovered:
D:1:      ebering_trefoil_twist, layout_basic,
          shapermc_ecumenical_altar_mp_urbaneastern, serial_park_tiny_pond,
          roderic_serpentine_path, fountainhead, minmay_tiny_reverse_x

Skill      XL: |  1 |
---------------+----+-----
Evocations     | 3 |  3.1
Fighting       | |  1.1
Armour         | |  2.4
Dodging        | |  0.7
Stealth        | |  1.1

Action                   || total
-------------------------++-------
Melee: Club              ||    28
Evoke: Wand              ||     8
Armor: Scale mail        ||     9
       Leather armour    ||     3
Dodge: Dodged            ||    19
